 Dungeon Crawl Stone Soup version 0.26.1-2-gb8aa6d0cf2 (webtiles) character file.

Game seed: 3264284161151584500

575070 DearestLeader the Cryomancer (level 27, -2/171 (172) HPs)
             Began as a Gargoyle Earth Elementalist on Mar 2, 2021.
             Was the Champion of Vehumet.
             Slain by an apocalypse crab (15 damage)
             ... while paralysed by you
             ... on level 5 of the Abyss.
             The game lasted 03:11:51 (60716 turns).

DearestLeader the Cryomancer (GrEE)                Turns: 60716, Time: 03:11:52

HP:   -2/171 (172)  AC:  0    Str: 14    XL:     27
MP:   6/47          EV:  3    Int: 29    God:    Vehumet [******]
Gold: 6314          SH:  0    Dex: 10    Spells: 19/67 levels left

rFire    . . .     SeeInvis .   (weapon currently unavailable)
rCold    . . .     Faith    .   (shield currently unavailable)
rNeg     + . .     Spirit   .   (armour currently unavailable)
rPois    ∞         Reflect  .   (helmet currently unavailable)
rElec    .         Harm     .   (cloak currently unavailable)
rCorr    .         Rampage  .   (gloves currently unavailable)
Will     ++...                  (boots currently unavailable)
Stlth    ++........             y - amulet of magic regeneration
HPRegen  0.38/turn              (ring currently unavailable)
MPRegen  0.55/turn              (ring currently unavailable)

@: paralysed, agile, pig-form, no potions, flying, very slightly contaminated,
hasted, lightly drained, invisible, very quick
A: small, clever 1, negative energy resistance 1, screaming 2, petrification
resistance, miasma immunity, AC +20
}: 3/15 runes: serpentine, barnacled, silver
a: Stop Flying, Renounce Religion


You were on level 5 of the Abyss.
You worshipped Vehumet.
Vehumet was exalted by your worship.
You were a filthy swine.
You visited 9 branches of the dungeon, and saw 45 of its levels.
You visited the Abyss 1 time.
You also visited: Bailey, Gauntlet, Ice Cave and Desolation.

You collected 9747 gold pieces.
You spent 3433 gold pieces at shops.

Inventory:

Hand Weapons
 t - a +9 quick blade
Missiles
 b - 1191 stones
Armour
 f - a +2 buckler of cold resistance (melded)
 w - the +3 salamander hide armour (melded) {Flames rF++ rC--}
   (You bought it in a shop on level 4 of the Depths)

   It greatly protects you from fire.
   It makes you very vulnerable to cold.
 L - the +2 cloak of Cecuamul (melded) {rCorr Str+3}
   (You found it on level 3 of the Depths)

   It affects your strength (+3).
   It provides partial protection from all sources of acid and corrosion.
 O - a +2 pair of boots of flying (melded)
 Q - a +2 helmet (melded)
 U - a +2 pair of gloves of dexterity (melded)
 Y - a +2 cloak of willpower
Magical Staves
 M - an uncursed staff of cold (melded)
 Z - an uncursed staff of earth
Jewellery
 c - the ring "Imuddor" {+Blink rF- rN+ AC+4 SInv}
   (You took it off a deep elf demonologist on level 3 of the Elven Halls)

   [ring of protection]

   It affects your AC (+4).
   It makes you vulnerable to fire.
   It protects you from negative energy.
   It lets you see invisible.
   It lets you blink.
 o - an uncursed ring of protection from cold
 y - an amulet of magic regeneration (around neck)
 B - the amulet "Wih Cune" {Regen+ Stlth+}
   (You took it off a deep elf demonologist on level 3 of the Elven Halls)

   [amulet of regeneration]

   It increases your rate of regeneration.
   It makes you more stealthy.
 D - the ring of the Seer (melded) {Will+ Dex+4 Slay+2 Stlth-}
   (You found it in a Gauntlet)

   [ring of willpower]

   It affects your dexterity (+4).
   It affects your accuracy and damage with ranged weapons and melee attacks
   (+2).
   It affects your willpower, your defense against some magical effects.
   It makes you less stealthy.
 G - an uncursed ring of protection from fire
 N - the ring of Huaxecog (melded) {Will+ Dex+4}
   (You found it on level 1 of the Orcish Mines)

   [ring of willpower]

   It affects your dexterity (+4).
   It affects your willpower, your defense against some magical effects.
 R - the ring "Plog" {rCorr Str+5 Dex-2}
   (You took it off an ironbrand convoker on level 5 of the Vaults)

   [ring of resist corrosion]

   It affects your strength (+5).
   It affects your dexterity (-2).
   It provides partial protection from all sources of acid and corrosion.
Wands
 h - a wand of paralysis (64)
 l - a wand of disintegration (21)
 A - a wand of enslavement (18)
 E - a wand of random effects (77)
 H - a wand of polymorph (30)
 I - a wand of acid (23)
 J - a wand of digging (30)
 V - a wand of iceblast (24)
Scrolls
 a - a scroll of enchant armour
 d - 3 scrolls of silence
 e - 12 scrolls of amnesia
 g - 13 scrolls of fear
 p - 7 scrolls of magic mapping
 r - 6 scrolls of summoning
 s - 23 scrolls of remove curse
 u - 20 scrolls of teleportation
 v - 8 scrolls of blinking
 x - 5 scrolls of fog
 P - 8 scrolls of identify
 S - 8 scrolls of immolation
 T - 2 scrolls of holy word
 W - 2 scrolls of enchant weapon
Potions
 i - 12 potions of mutation
 j - 11 potions of heal wounds
 k - 11 potions of brilliance
 m - 4 potions of magic
 n - 8 potions of haste
 q - 9 potions of ambrosia
 z - 30 potions of curing
 C - 3 potions of cancellation
 F - 6 potions of might
 K - 5 potions of invisibility
 X - 2 potions of resistance


   Skills:
 + Level 17.7 Fighting
 - Level 6.7 Staves
 + Level 10.8 Armour
 - Level 10.0 Dodging
 - Level 2.1 Stealth
 - Level 4.0 Shields
 + Level 20.6 Spellcasting
 - Level 9.3 Conjurations
 - Level 1.0 Transmutations
 - Level 25.0 Ice Magic
 * Level 22.3 Earth Magic


You had 19 spell levels left.
You knew the following spells:

 Your Spells              Type           Power        Failure   Level
a - Sandblast             Erth           100%         0%          1
b - Stone Arrow           Conj/Erth      100%         0%          3
c - Lee's Rapid Deconstr  Erth           51%          0%          5
d - Petrify               Tmut/Erth      78%          1%          4
e - Searing Ray           Conj           100%         1%          2
f - Mephitic Cloud        Conj/Pois/Air  48%          1%          3
g - Ozocubu's Refrigerat  Ice            54%          0%          6
h - Iron Shot             Conj/Erth      44%          1%          6
i - Absolute Zero         Ice            54%          1%          9
j - Shatter               Erth           51%          3%          9

Your spell library contained the following spells:

 Spells                   Type           Power        Failure   Level
 Tornado                  Air            14%          100%        9
 Freeze                   Ice            100%         0%          1
 Passwall                 Tmut/Erth      65%          0%          2
 Frozen Ramparts          Ice            100%         0%          3
 Ozocubu's Armour         Ice            100%         0%          3
 Hailstorm                Conj/Ice       92%          0%          4
 Animate Skeleton         Necr           58%          1%          1
 Apportation              Tloc           58%          1%          1
 Beastly Appendage        Tmut           70%          1%          1
 Corona                   Hex            32%          1%          1
 Foxfire                  Conj/Fire      100%         1%          1
 Magic Dart               Conj           100%         1%          1
 Pain                     Necr           100%         1%          1
 Shock                    Conj/Air       100%         1%          1
 Sting                    Tmut/Pois      100%         1%          1
 Summon Small Mammal      Summ           100%         1%          1
 Blink                    Tloc           N/A          1%          2
 Call Imp                 Summ           29%          1%          2
 Corpse Rot               Necr/Air       N/A          1%          2
 Poisonous Vapours        Pois/Air       58%          1%          2
 Slow                     Hex            29%          1%          2
 Swiftness                Air            29%          1%          2
 Wereblood                Tmut           35%          1%          2
 Conjure Flame            Conj/Fire      54%          1%          3
 Dazzling Flash           Conj/Hex       100%         1%          3
 Ignite Poison            Fire/Tmut/Pois 31%          1%          3
 Inner Flame              Hex/Fire       29%          1%          3
 Static Discharge         Conj/Air       54%          1%          3
 Fulminant Prism          Conj/Hex       27%          1%          4
 Ice Form                 Ice/Tmut       81%          1%          4
 Iskenderun's Mystic Bla  Conj/Tloc      54%          1%          4
 Leda's Liquefaction      Hex/Erth       38%          1%          4
 Sticky Flame             Conj/Fire      54%          1%          4
 Summon Ice Beast         Ice/Summ       80%          1%          4
 Bolt of Magma            Conj/Fire/Erth 37%          1%          5
 Fireball                 Conj/Fire      27%          1%          5
 Irradiate                Conj/Tmut      28%          1%          5
 Iskenderun's Battlesphe  Conj           71%          1%          5
 Lightning Bolt           Conj/Air       27%          1%          5
 Metabolic Englaciation   Hex/Ice        40%          1%          5
 Freezing Cloud           Conj/Ice/Air   38%          1%          6
 Simulacrum               Ice/Necr       40%          1%          6
 Gell's Gravitas          Tloc           14%          3%          3
 Lesser Beckoning         Tloc           14%          3%          3
 Portal Projectile        Hex/Tloc       58%          3%          3
 Spider Form              Tmut/Pois      16%          3%          3
 Tukima's Dance           Hex            29%          3%          3
 Vampiric Draining        Necr           14%          3%          3
 Airstrike                Air            14%          3%          4
 Olgreb's Toxic Radiance  Pois           29%          3%          4
 Lehudib's Crystal Spear  Conj/Erth      44%          3%          8
 Orb of Destruction       Conj           35%          6%          7
 Yara's Violent Unravell  Hex/Tmut       16%          8%          5
 Starburst                Conj/Fire      27%          8%          6
 Animate Dead             Necr           14%          13%         4
 Cause Fear               Hex            14%          13%         4
 Dispel Undead            Necr           29%          13%         4
 Blade Hands              Tmut           17%          22%         5
 Alistair's Intoxication  Tmut/Pois      21%          28%         5
 Agony                    Necr           29%          34%         5
 Excruciating Wounds      Necr           14%          34%         5
 Silence                  Hex/Air        14%          34%         5
 Summon Forest            Summ/Tloc      14%          34%         5
 Eringya's Noxious Bog    Tmut/Pois      16%          36%         6
 Spellforged Servitor     Conj/Summ      27%          36%         7
 Hydra Form               Tmut           17%          77%         6
 Dispersal                Tloc           14%          89%         6
 Invisibility             Hex            29%          89%         6
 Chain Lightning          Conj/Air       27%          94%         8
 Dragon Form              Tmut           17%          100%        7
 Malign Gateway           Summ/Tloc      14%          100%        7
 Monstrous Menagerie      Summ           14%          100%        7
 Summon Greater Demon     Summ           14%          100%        7
 Summon Hydra             Summ           14%          100%        7
 Discord                  Hex            14%          100%        8
 Disjunction              Tloc           14%          100%        8
 Ignition                 Fire           14%          100%        8
 Summon Horrible Things   Summ           14%          100%        8
 Dragon's Call            Summ           14%          100%        9
 Fire Storm               Conj/Fire      27%          100%        9
 Sublimation of Blood     Necr           Unusable     N/A         2
 Statue Form              Tmut/Erth      Unusable     N/A         6

Dungeon Overview and Level Annotations

Branches:
Dungeon (15/15)            Temple (1/1) D:5            Lair (6/6) D:10
 Shoals (4/4) Lair:4        Snake (4/4) Lair:4        Slime (0/5) Lair:5
    Orc (2/2) D:9             Elf (3/3) Orc:2        Vaults (5/5) D:13
  Crypt (0/3) Vaults:3     Depths (5/5) D:15            Zot (0/5) Depths:5
 Bailey (visited)           IceCv (visited)         Desolation (visited)
Gauntlet (visited)

Altars:
Ashenzari
Cheibriados
Dithmenos
Elyvilon
Fedhas
Gozag
Kikubaaqudgha
Okawaru
Qazlal
Ru
Sif Muna
Trog
Vehumet
Xom
Yredelemnul
The Shining One
Jiyva

Shops:
D:11 *   Orc:1 :   Orc:2 ![*?   Elf:1 ?   Elf:2 =   Snake:4 *!=[
Vaults:2 (!:[*   Vaults:3 *   Depths:1 **(   Depths:4 :[?   Depths:5 *

Portals:
Hell: Depths:1 Depths:2 Depths:3 Depths:4 Depths:5
Abyss: Depths:4 Depths:5
Pandemonium: Depths:1 Depths:2 Depths:3 Depths:4
Ziggurat: Depths:5

Annotations:
D:6 2 transporters, ghwc's ghost, novice MiSu
Lair:3 exclusion: 2 oklob plants
Vaults:4 3 runed translucent doors, Marvel's ghost, adept SpEn
Depths:1 3 runed translucent doors, exclusion: obsidian statue, FishyPogo's ghost, journeyman GnTm
Abyss:5 1 transporter


Innate Abilities, Weirdness & Mutations

You are resistant to torment.
((Your stone body is resilient. (AC +20)))
You are immune to poison.
((Your large and strong wings let you fly indefinitely.))
You resist negative energy. (rN+)
((You are resistant to electric shocks. (rElec)))
((You can survive without breathing.))
You are immune to petrification.
You are immune to miasma.
Your mind is acute. (Int +2)
You sometimes yell uncontrollably at your foes.


Message History

The apocalypse crab claws you!
* * * LOW HITPOINT WARNING * * *
Space bends around you.
* * * LOW HITPOINT WARNING * * *
The flying skull is engulfed in seething chaos.
The shadow dragon is engulfed in seething chaos.
The shadow dragon barely misses you. The shadow dragon claws you.
* * * LOW HITPOINT WARNING * * *
The shadow dragon completely misses you.
The flying skull gives a hideous shriek!
You feel agile all of a sudden.
The flying skull gives a hideous shriek!
You hear a chilling moan.
You hear a roar!
You hear a hideous shriek!
You hear a shout!
A spatial maelstrom comes into view.
The apocalypse crab is engulfed in blazing flames.
The apocalypse crab bites you!
* * * LOW HITPOINT WARNING * * *
The apocalypse crab freezes you!
You die...

. .v. ##.. #.
...## X .. #.##
.#d#.© .. . #
##.# # ....# # .
..#..##§###....#.
... ..
#≈.###§§§§#.... .
...# §#..#zD#z)#
. . ##.##.#
#th§#§.. . ...
..# ......####
#.##.
..#...###....# .#
# # . # ###. .. #
# .# # ##. .#. .#
. ##.# # # # .#
..#..# . ? #.##
..


You could see a shadow dragon (fast, catching breath), a spatial maelstrom, a
draconian, an apocalypse crab and a flying skull (wandering, slow).

Vanquished Creatures
  An ancient lich (Abyss:5)
  A juggernaut (Depths:5)
  Sojobo (Depths:5)
  Frederick (Vaults:4)
  5 caustic shrikes
  5 golden dragons
  Nikola (Depths:1)
  The ghost of HilariousDeathArtist the Champion of Chaos, an adept CeWn of Makhleb (Vaults:1)
  2 bone dragons
  4 liches
  6 tentacled monstrosities
  Rupert (D:12)
  Jorgrun (Orc:1)
  A deep elf blademaster (Elf:2)
  2 quicksilver dragons
  A deep elf master archer (Elf:3)
  3 titans
  3 tentacled starspawn (Abyss:4)
  Agnes (D:14)
  7 sphinxes
  A kraken (Shoals:1)
  Kirke (D:12)
  7 shadow dragons
  A revenant (Abyss:4)
  8 tengu reavers
  4 storm dragons
  A draconian monk (Depths:5)
  7 nagarajas
  13 vault wardens
  2 balrugs
  10 fire giants
  2 imperial myrmidons (Desolation)
  18 frost giants
  Aizul (Snake:1)
  A draconian shifter (Depths:5)
  5 deep elf sorcerers
  4 iron dragons
  A cacodemon (Abyss:4)
  17 ironheart preservers
  An angel (Abyss:4)
  3 deep elf elementalists (Elf:3)
  A war gargoyle (Vaults:5)
  24 stone giants
  9 very ugly things
  2 vampire knights
  Nessos (D:12)
  A green draconian (Depths:5)
  7 deep elf annihilators
  6 deep elf demonologists
  A halazid warlock (Desolation)
  5 spark wasps
  A white draconian (Depths:5)
  A minotaur (Gauntlet)
  A red draconian (Depths:5)
  2 merfolk javelineers (Shoals:4)
  2 blizzard demons (IceCv)
  Snorg (Lair:4)
  24 ettins
  7 fire dragons
  11 deep elf death magi
  A green death (Depths:3)
  2 jiangshi (Depths:2)
  17 yaktaur captains
  6 deep elf high priests
  2 ragged hierophants (Desolation)
  6 merfolk impalers
  10 ice dragons
  17 naga warriors
  6 boulder beetles
  9 rakshasas
  25 vault guards
  2 spriggan air magi (Depths:2)
  11 great orbs of eyes
  A quicksilver dragon skeleton (Depths:3)
  11 hydras
  8 merfolk avatars
  6 anacondas
  A catoblepas (Lair:3)
  3 servants of whispers (Desolation)
  3 peacekeepers
  42 two-headed ogres
  A death knight (Vaults:5)
  16 ogre magi
  2 merfolk aquamancers (Shoals:4)
  2 alligator snapping turtles
  11 centaur warriors
  10 death yaks
  10 deep troll shamans
  2 satyrs (Shoals:3)
  25 dancing weapons
  A tengu warrior (Depths:2)
  8 small abominations
  4 orc high priests
  A hell hog (Depths:1)
  2 vampire magi (Depths:2)
  A hell knight (Depths:4)
  10 deep troll earth magi
  Urug (D:13)
  23 naga sharpshooters
  12 thrashing horrors (Abyss:4)
  A titan zombie (Depths:3)
  3 shock serpents
  4 wretched stars
  6 spriggan berserkers
  3 shadow wraiths
  4 iron trolls
  27 deep elf knights
  3 sixfirhies
  A spark wasp zombie (Depths:3)
  2 fire crabs (Shoals:4)
  10 sea snakes
  5 skeletal warriors
  An unseen horror (shapeshifter) (Vaults:2)
  A death drake (shapeshifter) (D:14)
  3 glowing orange brains
  A spatial maelstrom (Abyss:4)
  5 flayed ghosts
  2 unseen horrors
  A gelid demonspawn (Depths:4)
  An infernal demonspawn (Depths:4)
  32 deep trolls
  6 naga ritualists
  7 starcursed masses (Abyss:4)
  17 ironbrand convokers
  28 harpies
  An orange crystal statue (D:11)
  2 wizards
  A phantasmal warrior (Vaults:5)
  A swamp dragon (shapeshifter) (Depths:2)
  A golden dragon skeleton (D:15)
  A tengu skeleton (Vaults:4)
  12 deep elf archers
  A sphinx zombie (Vaults:3)
  4 mana vipers
  6 necromancers
  2 tengu zombies
  A mana viper (shapeshifter) (Vaults:5)
  12 orc knights
  A shining eye (Depths:5)
  7 wolf spiders
  2 wolf spiders (shapeshifter)
  60 deep elf magi
  35 ugly things
  14 manticores
  A frost giant zombie (Depths:1)
  7 orc sorcerers
  12 fauns
  2 oklob plants (Shoals:1)
  10 salamanders
  A worldbinder (Abyss:5)
  20 cyclopes
  A draconian (Abyss:5)
  A cyclops (shapeshifter) (Depths:5)
  A fire giant zombie (D:15)
  2 rust devils
  2 human skeletons
  A guardian serpent (shapeshifter) (Vaults:3)
  Maurice (D:13)
  14 elephants
  5 apocalypse crabs (Abyss:4)
  19 black mambas
  A fire giant skeleton (Vaults:3)
  7 water nymphs
  11 merfolk sirens
  9 vault sentinels
  An eye of devastation (shapeshifter) (Abyss:4)
  A guardian serpent (Snake:4)
  3 ice statues
  12 smoke demons
  20 naga magi
  3 torpor snails
  21 cane toads
  3 rime drakes
  2 orange demons
  7 centaur skeletons
  8 freezing wraiths
  2 kobold demonologists
  17 komodo dragons
  A yaktaur (shapeshifter) (Depths:2)
  46 yaktaurs
  A demonic crawler (Abyss:4)
  A yaktaur zombie (D:15)
  A komodo dragon (shapeshifter) (Vaults:5)
  A spriggan zombie (Depths:1)
  2 efreet (Abyss:4)
  A yaktaur skeleton (Depths:1)
  6 tengu conjurers
  4 anaconda simulacra
  6 ancient zymes (Abyss:4)
  A golden dragon simulacrum (IceCv)
  13 ice devils
  26 merfolk
  11 trolls
  2 hellwings
  A queen bee (D:9)
  A wind drake (shapeshifter) (Vaults:3)
  A hornet (shapeshifter) (Vaults:4)
  A polar bear (shapeshifter) (Depths:2)
  7 wind drakes
  4 polar bears (Lair:6)
  5 hornets
  A jumping spider (shapeshifter) (Vaults:2)
  3 meliai (Gauntlet)
  32 slime creatures
  26 saltlings (Desolation)
  10 dream sheep
  10 raiju
  6 snapping turtles
  2 raiju (shapeshifter) (Depths:2)
  17 blink frogs
  4 air elementals
  5 flying skulls
  2 shadows (D:15)
  5 hogs (D:12)
  15 large abominations
  A vampire (D:12)
  8 ynoxinuls
  5 fire elementals
  A tarantella (shapeshifter) (Vaults:1)
  11 water elementals
  3 wyverns (Lair:6)
  16 humans (D:13)
  A human (shapeshifter) (Depths:2)
  56 yaks
  2 basilisks
  2 fire bats
  11 golden eyes (Abyss:4)
  A steam dragon (D:13)
  A golden eye (shapeshifter) (Depths:3)
  3 wraiths
  4 vampire mosquitoes (D:13)
  8 neqoxecs
  A chaos spawn (Depths:3)
  A steam dragon (shapeshifter) (Vaults:5)
  A human simulacrum (Vaults:4)
  An iron troll simulacrum (IceCv)
  A soldier ant (D:11)
  47 nagas
  8 wargs
  2 harpy simulacra (IceCv)
  20 water moccasins
  2 spatial vortices (Abyss:4)
  3 hydra simulacra (IceCv)
  A floating eye (Depths:5)
  11 hell hounds (Depths:1)
  35 orc warriors
  5 ice beasts
  3 sky beasts
  47 ogres
  An eye of draining (Depths:5)
  3 black bears
  7 necrophages
  2 phantoms
  11 wolves
  18 boggarts
  15 centaurs
  3 human zombies
  3 big kobolds
  18 bullfrogs
  4 earth elementals
  A gnoll sergeant (D:10)
  A wyvern skeleton (D:8)
  36 killer bees
  6 scorpions
  14 wights
  2 howler monkeys
  A crimson imp (Depths:4)
  2 bullfrog zombies
  3 centaur zombies
  2 quasits
  9 hounds
  19 orc priests
  A jelly (D:10)
  39 orc wizards
  A bullfrog skeleton (D:8)
  A gnoll shaman (D:6)
  An iron imp (Depths:4)
  4 iguanas
  9 hell rats
  12 worker ants
  2 killer bee zombies (D:7)
  A hound skeleton (D:9)
  A mummy (D:7)
  A howler monkey zombie (D:6)
  3 worker ant zombies
  9 gnolls
  12 adders
  7 shadow imps
  6 white imps
  9 ufetubi
  An ooze (shapeshifter) (Vaults:1)
  2 oozes
  A worm (D:3)
  A dart slug (D:3)
  2 leopard geckos
  72 orcs
  2 ball pythons
  6 giant cockroaches
  14 goblins
  6 hobgoblins
  7 jackals
  6 quokkas
  9 bats
  5 frilled lizards
  22 kobolds
  A quokka zombie (D:7)
  9 rats
  6 blocks of ice
  6 bushes
  5 crawling corpses (Elf:3)
  2 lurking horrors
  4 starspawn tentacles (Abyss:4)
2253 creatures vanquished.

Vanquished Creatures (collateral kills)
  Saint Roka (Snake:2)
  A naga (Snake:2)
2 creatures vanquished.

Vanquished Creatures (others)
  A deep elf mage (Elf:2)
  A fire bat (Abyss:4)
  2 chaos spawn (Abyss:4)
  A wight (D:13)
  67 blocks of ice
  62 fungi
  244 plants
  2 starspawn tentacles (Abyss:4)
  14 withered plants
394 creatures vanquished.

Grand Total: 2649 creatures vanquished

Notes
Turn   | Place    | Note
-------+----------+-------------------------------------------
     0 | D:1      | DearestLeader the Gargoyle Earth Elementalist began the
                  | quest for the Orb.
     0 | D:1      | Reached XP level 1. HP: 10/10 MP: 3/3
   404 | D:1      | Reached XP level 2. HP: 10/15 MP: 5/5
  1224 | D:2      | Found a shimmering altar of Xom.
  1225 | D:2      | Found a shimmering altar of Xom.
  1225 | D:2      | Found a shimmering altar of Xom.
  1225 | D:2      | Found a shimmering altar of Xom.
  1426 | D:2      | Found a white marble altar of Elyvilon.
  1459 | D:2      | Reached XP level 3. HP: 18/19 MP: 6/6
  1463 | D:2      | Learned a level 3 spell: Stone Arrow
  1483 | D:2      | Found a glowing golden altar of the Shining One.
  1492 | D:2      | Reached skill level 5 in Earth Magic
  2048 | D:3      | Found a shimmering blue altar of Sif Muna.
  2262 | D:3      | Noticed a bullfrog
  2266 | D:3      | Killed a bullfrog
  2267 | D:3      | Reached XP level 4. HP: 24/24 MP: 4/7
  2418 | D:3      | Reached XP level 5. HP: 19/28 MP: 8/8
  3583 | D:4      | Reached XP level 6. HP: 15/32 MP: 6/9
  3589 | D:4      | Learned a level 5 spell: Lee's Rapid Deconstruction
  4356 | D:4      | Reached XP level 7. HP: 30/36 MP: 10/10
  4862 | D:4      | Found a blossoming altar of Fedhas.
  4864 | D:4      | Found a stormy altar of Qazlal.
  5030 | D:4      | Reached skill level 10 in Earth Magic
  5231 | D:5      | Entered Level 5 of the Dungeon
  5250 | D:5      | Found an ancient bone altar of Kikubaaqudgha.
  5946 | D:5      | Found a staircase to the Ecumenical Temple.
  5954 | Temple   | Entered the Ecumenical Temple
  5984 | Temple   | Became a worshipper of Vehumet
  6208 | D:5      | Reached XP level 8. HP: 41/41 MP: 8/11
  6261 | D:6      | Reached skill level 1 in Fighting
  6283 | D:6      | Found an iron altar of Okawaru.
  6634 | D:6      | Noticed a yak
  6652 | D:6      | Noticed ghwc's ghost (novice MiSu)
  6656 | D:6      | Noticed a gargoyle
  6667 | D:6      | Found a transporter.
  6682 | D:6      | Identified a scroll of acquirement
  6683 | D:6      | Acquired 554 gold pieces
  6806 | D:6      | Found a transporter.
  6906 | D:6      | Found an opulent altar of Gozag.
  6941 | D:6      | Found a bloodstained altar of Trog.
  6956 | D:6      | Learned a level 4 spell: Petrify
  7209 | D:7      | Reached * piety under Vehumet
  7209 | D:7      | Offered knowledge of Magic Dart by Vehumet.
  7275 | D:7      | Reached XP level 9. HP: 51/51 MP: 12/14
  7364 | D:7      | Reached skill level 1 in Transmutations
  7387 | D:7      | Found a shadowy altar of Dithmenos.
  8051 | D:7      | Offered knowledge of Searing Ray by Vehumet.
  8144 | D:7      | Reached ** piety under Vehumet
  8196 | D:7      | Learned a level 2 spell: Searing Ray
  8320 | D:7      | Found a snail-covered altar of Cheibriados.
  8420 | D:8      | Reached skill level 5 in Fighting
  8470 | D:8      | Reached skill level 1 in Conjurations
  8755 | D:8      | Reached skill level 5 in Spellcasting
  8755 | D:8      | Reached XP level 10. HP: 51/59 MP: 3/17
  9126 | D:8      | Learned a level 3 spell: Mephitic Cloud
  9296 | D:9      | Found a shadowy altar of Dithmenos.
  9297 | D:9      | Offered knowledge of Dazzling Flash by Vehumet.
  9403 | D:9      | Noticed a cyclops
  9410 | D:9      | Killed a cyclops
  9648 | D:9      | Found a staircase to the Orcish Mines.
  9910 | D:9      | Reached *** piety under Vehumet
  9924 | D:9      | Offered knowledge of Fulminant Prism by Vehumet.
 10289 | D:9      | Reached skill level 5 in Conjurations
 10479 | D:9      | Found a broken altar of Ashenzari.
 10601 | D:10     | Entered Level 10 of the Dungeon
 10725 | D:10     | Reached XP level 11. HP: 44/64 MP: 12/20
 10990 | D:10     | Noticed a two-headed ogre
 10996 | D:10     | Killed a two-headed ogre
 11120 | D:10     | Reached **** piety under Vehumet
 11127 | D:10     | Offered knowledge of Ignite Poison by Vehumet.
 11830 | D:10     | Found a staircase to the Lair.
 11902 | Lair:1   | Entered Level 1 of the Lair of Beasts
 11940 | Lair:1   | Reached skill level 1 in Armour
 11989 | Lair:1   | Noticed an eight-headed hydra
 11994 | Lair:1   | Killed an eight-headed hydra
 12129 | Lair:1   | Reached skill level 15 in Earth Magic
 12138 | Lair:1   | Noticed a five-headed hydra
 12393 | Lair:1   | Killed a five-headed hydra
 12394 | Lair:1   | Reached XP level 12. HP: 73/73 MP: 9/23
 12758 | Lair:2   | Noticed an eight-headed hydra
 12764 | Lair:2   | Killed an eight-headed hydra
 12765 | Lair:2   | Reached skill level 5 in Armour
 12912 | Lair:2   | Reached ***** piety under Vehumet
 12916 | Lair:2   | Offered knowledge of Ozocubu's Refrigeration by Vehumet.
 12929 | Lair:2   | Learned a level 6 spell: Ozocubu's Refrigeration
 13006 | Lair:2   | Reached skill level 1 in Ice Magic
 13220 | Lair:2   | Reached skill level 2 in Ice Magic
 13443 | Lair:2   | Noticed a boulder beetle
 13604 | Lair:3   | Noticed a six-headed hydra
 13609 | Lair:3   | Killed a six-headed hydra
 13610 | Lair:3   | Reached skill level 3 in Ice Magic
 13630 | Lair:3   | Noticed an eight-headed hydra
 13632 | Lair:3   | Killed an eight-headed hydra
 13633 | Lair:3   | Noticed a catoblepas
 13647 | Lair:3   | Killed a catoblepas
 13648 | Lair:3   | Reached skill level 4 in Ice Magic
 14000 | Lair:3   | Reached skill level 5 in Ice Magic
 14021 | Lair:3   | Reached XP level 13. HP: 26/80 MP: 16/25
 14682 | Lair:4   | Reached skill level 6 in Ice Magic
 14844 | Lair:4   | Found a staircase to the Snake Pit.
 14978 | Lair:4   | Reached skill level 7 in Ice Magic
 15221 | Lair:4   | Found a radiant altar of Vehumet.
 15285 | Lair:4   | Noticed Snorg
 15295 | Lair:4   | Killed Snorg
 15547 | Lair:4   | Reached skill level 8 in Ice Magic
 15584 | Lair:4   | Reached skill level 10 in Fighting
 15617 | Lair:4   | Found a staircase to the Shoals.
 15979 | Lair:5   | Found a gate leading to a gauntlet.
 15991 | Gauntlet | Entered a Gauntlet
 15991 | Gauntlet | Found a transporter.
 15991 | Gauntlet | Found a transporter.
 16003 | Gauntlet | Found a transporter.
 16021 | Gauntlet | Found a transporter.
 16021 | Gauntlet | Found a transporter.
 16021 | Gauntlet | Found a transporter.
 16023 | Gauntlet | Found a transporter.
 16023 | Gauntlet | Found a transporter.
 16037 | Gauntlet | Found a transporter.
 16053 | Gauntlet | Found a transporter.
 16063 | Gauntlet | Found a transporter.
 16077 | Gauntlet | Found a transporter.
 16097 | Gauntlet | Found a transporter.
 16109 | Gauntlet | Found a transporter.
 16484 | Gauntlet | Got a flickering steel ring
 16490 | Gauntlet | Identified the ring of the Seer {Will+ Dex+4 Slay+2 Stlth-}
                  | (You found it in a Gauntlet)
 16530 | Gauntlet | Noticed a minotaur
 16550 | Gauntlet | Killed a minotaur
 16551 | Gauntlet | Reached skill level 9 in Ice Magic
 17222 | Lair:5   | Found a viscous altar of Jiyva.
 17222 | Lair:5   | Found a staircase to the Slime Pits.
 17304 | Lair:5   | You fall into a shaft and drop 1 floor!
 17304 | Lair:6   | Entered Level 6 of the Lair of Beasts
 17460 | Lair:5   | Offered knowledge of Iron Shot by Vehumet.
 17461 | Lair:5   | Reached skill level 10 in Spellcasting
 17461 | Lair:5   | Reached skill level 10 in Ice Magic
 17461 | Lair:5   | Gained mutation: Your large and strong wings let you fly
                  | indefinitely. [Gargoyle growth]
 17461 | Lair:5   | Reached XP level 14. HP: 62/88 MP: 11/28
 17633 | Lair:6   | Acquired a book of Annihilations
 17644 | Lair:6   | Learned a level 6 spell: Iron Shot
 17680 | Lair:6   | Reached skill level 11 in Ice Magic
 18267 | Lair:6   | Reached skill level 12 in Ice Magic
 19055 | Orc:1    | Entered Level 1 of the Orcish Mines
 19057 | Orc:1    | Found Goph's Book Shop.
 19244 | Orc:1    | Noticed Jorgrun
 19249 | Orc:1    | Killed Jorgrun
 19501 | Orc:1    | Reached skill level 1 in Staves
 19530 | Orc:1    | Reached skill level 13 in Ice Magic
 19530 | Orc:1    | Reached XP level 15. HP: 81/92 MP: 18/30
 19862 | Orc:1    | Offered knowledge of Bolt of Magma by Vehumet.
 20309 | Orc:1    | Identified Hext's Almanac of the Supportive Snowflakes
 20312 | Orc:1    | Got a brightly glowing steel ring
 20315 | Orc:1    | Identified the ring of Huaxecog {Will+ Dex+4} (You found it
                  | on level 1 of the Orcish Mines)
 20327 | Orc:1    | Found the +8 Wrath of Trog {antimagic, *Rage}
 20909 | Orc:2    | Entered Level 2 of the Orcish Mines
 21137 | Orc:2    | Found a staircase to the Elven Halls.
 21498 | Orc:2    | Found Qofot's Magic Scroll Shop.
 21616 | Orc:2    | Found Xaon's Assorted Antiques.
 21637 | Orc:2    | Found Ebbybb's Armour Shoppe.
 21702 | Orc:2    | Found Muruzaxkem's Distillery.
 21732 | Orc:2    | Bought a potion of mutation for 104 gold pieces
 21732 | Orc:2    | Bought 2 potions of mutation for 208 gold pieces
 21732 | Orc:2    | Bought a potion of heal wounds for 65 gold pieces
 21732 | Orc:2    | Bought a potion of haste for 130 gold pieces
 21732 | Orc:2    | Bought a potion of heal wounds for 65 gold pieces
 21732 | Orc:2    | Bought 2 potions of invisibility for 208 gold pieces
 21734 | Orc:2    | Bought a +2 pair of boots of flying for 344 gold pieces
 21861 | D:11     | Found Saluroqyc's Assorted Antiques.
 21890 | D:11     | Bought a potion of heal wounds for 155 gold pieces
 22010 | D:11     | Reached skill level 14 in Ice Magic
 22023 | D:11     | Got a scorched demon whip
 22056 | D:11     | Identified the Disquisition on Calling
 22058 | D:11     | Identified the +6 demon whip "Killer Klown's Regret"
                  | {freeze, rPois} (You found it on level 11 of the Dungeon)
 22369 | D:11     | Found the +3 giant club "Skullcrusher" {speed, Str+7}
 22839 | D:12     | Noticed Kirke
 22841 | D:12     | Noticed Rupert
 22845 | D:12     | Killed Rupert
 22845 | D:12     | Killed Kirke
 22888 | D:12     | Reached ****** piety under Vehumet
 22927 | D:12     | Offered knowledge of Irradiate by Vehumet.
 23171 | D:12     | Reached skill level 5 in Staves
 23382 | D:12     | Noticed Nessos
 23388 | D:12     | Killed Nessos
 23577 | D:13     | Reached XP level 16. HP: 83/97 MP: 15/32
 23671 | D:13     | Found a flagged portal.
 23681 | Bailey   | Entered a bailey
 23783 | Bailey   | Found a bloodstained altar of Trog.
 23875 | Bailey   | Got a pitted flail
 24025 | D:13     | Noticed Urug
 24027 | D:13     | Killed Urug
 24030 | D:13     | Found a gate to the Vaults.
 24082 | D:13     | Learned a level 9 spell: Absolute Zero
 24159 | D:13     | Reached skill level 5 in Dodging
 24283 | D:13     | Noticed Maurice
 24287 | D:13     | Killed Maurice
 24413 | D:13     | Offered knowledge of Orb of Destruction by Vehumet.
 24652 | D:14     | Noticed Agnes
 24657 | D:14     | Killed Agnes
 24658 | D:14     | Reached skill level 15 in Ice Magic
 25209 | D:14     | Got a crude robe
 25219 | D:14     | Identified the +3 robe of Parts Unknown {Rampage *Corrode
                  | Regen+ Slay+5} (You found it on level 14 of the Dungeon)
 25301 | D:14     | Found a sacrificial altar of Ru.
 25467 | D:15     | Entered Level 15 of the Dungeon
 25557 | D:15     | Found a staircase to the Depths.
 25567 | D:15     | Reached skill level 1 in Shields
 26333 | D:15     | Offered knowledge of Conjure Ball Lightning by Vehumet.
 26816 | Snake:1  | Entered Level 1 of the Snake Pit
 26816 | Snake:1  | Noticed Aizul
 26821 | Snake:1  | Killed Aizul
 26822 | Snake:1  | Reached XP level 17. HP: 102/102 MP: 13/33
 26887 | Snake:1  | Got a turquoise-encrusted ring mail
 26889 | Snake:1  | Identified the +1 ring mail "Busi Isu" {Str+3} (You found
                  | it on level 1 of the Snake Pit)
 27116 | Snake:1  | Found a blossoming altar of Fedhas.
 27228 | Snake:1  | Reached skill level 16 in Ice Magic
 28432 | Snake:2  | Noticed Saint Roka
 28695 | Snake:2  | Killed Saint Roka
 28924 | Snake:2  | Offered knowledge of Orb of Destruction by Vehumet.
 29185 | Snake:2  | You are sucked into a shaft and drop 1 floor!
 30423 | Snake:4  | Entered Level 4 of the Snake Pit
 30425 | Snake:4  | Found a frozen archway.
 30438 | IceCv    | Entered an ice cave
 31018 | IceCv    | Reached skill level 17 in Ice Magic
 31525 | Snake:4  | Reached XP level 18. HP: 100/107 MP: 28/35
 31536 | Snake:4  | Offered knowledge of Shatter by Vehumet.
 31536 | Snake:4  | Offered knowledge of Tornado by Vehumet.
 31543 | Snake:4  | Got a serpentine rune of Zot
 31831 | Snake:4  | Reached skill level 18 in Ice Magic
 32045 | Snake:4  | Found Ronipn's Distillery.
 32045 | Snake:4  | Found Icitihel's Assorted Antiques.
 32046 | Snake:4  | Found Vaxoship's Antique Armour Boutique.
 32048 | Snake:4  | Found Xadisch's Jewellery Boutique.
 32052 | Snake:4  | Bought a potion of heal wounds for 70 gold pieces
 32052 | Snake:4  | Bought a potion of heal wounds for 70 gold pieces
 32126 | Snake:4  | Bought a scroll of teleportation for 147 gold pieces
 32126 | Snake:4  | Bought a scroll of teleportation for 147 gold pieces
 33157 | Shoals:1 | Entered Level 1 of the Shoals
 35226 | Shoals:3 | Reached XP level 19. HP: 70/112 MP: 28/37
 36162 | Shoals:4 | Entered Level 4 of the Shoals
 36297 | Shoals:4 | Reached skill level 19 in Ice Magic
 36402 | Shoals:4 | Reached skill level 10 in Dodging
 36467 | Shoals:4 | Reached skill level 15 in Spellcasting
 36579 | Shoals:4 | Identified the cursed +1 longbow "Giantslayer" {flame,
                  | +Inv}
 36799 | Shoals:4 | Got a barnacled rune of Zot
 36818 | Shoals:4 | Got a twitching platinum amulet
 36821 | Shoals:4 | Identified the amulet of Zesunus {Spirit +Fly Will+ Dex+3}
                  | (You found it on level 4 of the Shoals)
 37639 | Vaults:1 | Entered Level 1 of the Vaults
 38059 | Vaults:1 | Found a runed translucent gate.
 38059 | Vaults:1 | Found a runed translucent gate.
 38060 | Vaults:1 | Found a runed translucent gate.
 38063 | Vaults:1 | Noticed HilariousDeathArtist's ghost (adept CeWn)
 38707 | Vaults:1 | Reached skill level 20 in Ice Magic
 38810 | Vaults:1 | Reached XP level 20. HP: 118/118 MP: 34/39
 39109 | Vaults:1 | Killed HilariousDeathArtist's ghost
 39127 | Vaults:1 | Got a shimmering helmet
 39138 | Vaults:1 | Identified the +1 helmet of Reason {Str+6} (You found it on
                  | level 1 of the Vaults)
 40368 | Vaults:2 | Found Qeamoem's Antique Weapon Shoppe.
 40390 | Vaults:2 | Found Seyralim's Book Emporium.
 40617 | Vaults:2 | Found Poubiag's Antique Armour Shoppe.
 40638 | Vaults:2 | Found Vipioh's Assorted Antiques.
 40647 | Vaults:2 | Bought a runed helmet for 135 gold pieces
 40820 | Vaults:2 | Found Inapeleh's Distillery.
 40830 | Vaults:2 | Bought a potion of mutation for 112 gold pieces
 40830 | Vaults:2 | Bought a potion of heal wounds for 70 gold pieces
 41111 | Vaults:3 | Reached skill level 21 in Ice Magic
 41326 | Vaults:3 | You are sucked into a shaft and drop 1 floor!
 41402 | Vaults:4 | Found a runed translucent gate.
 41402 | Vaults:4 | Found a runed translucent gate.
 41403 | Vaults:4 | Found a runed translucent gate.
 41403 | Vaults:4 | Noticed Marvel's ghost (adept SpEn)
 42150 | Vaults:3 | Reached XP level 21. HP: 123/123 MP: 21/41
 42327 | Vaults:3 | Found Jeoph's Assorted Antiques.
 42340 | Vaults:3 | Bought a potion of mutation for 280 gold pieces
 42385 | Vaults:3 | Found a staircase to the Crypt.
 42385 | Vaults:3 | Found a basalt altar of Yredelemnul.
 42386 | Vaults:3 | Found an ancient bone altar of Kikubaaqudgha.
 42705 | Vaults:3 | Learned a level 9 spell: Shatter
 43035 | Vaults:4 | Noticed Frederick
 43041 | Vaults:4 | Killed Frederick
 43862 | Vaults:4 | Reached skill level 22 in Ice Magic
 43976 | Vaults:4 | Found an ancient bone altar of Kikubaaqudgha.
 44707 | Elf:1    | Entered Level 1 of the Elven Halls
 45106 | Elf:1    | Found a ruined gateway.
 45120 | Desolati | Entered the Desolation of Salt
 45749 | Elf:1    | Found Gioxioli's Magic Scroll Shoppe.
 45807 | Elf:1    | Bought a scroll of holy word for 112 gold pieces
 45807 | Elf:1    | Bought a scroll of teleportation for 45 gold pieces
 45901 | Elf:2    | Found a runed translucent gate.
 45901 | Elf:2    | Found a runed translucent gate.
 45901 | Elf:2    | Found a runed translucent gate.
 46358 | Elf:2    | Reached XP level 22. HP: 126/128 MP: 27/43
 46415 | Elf:2    | Found Koawkel's Jewellery Boutique.
 46483 | Elf:2    | Reached skill level 23 in Ice Magic
 47319 | Elf:3    | Entered Level 3 of the Elven Halls
 47597 | Elf:3    | Identified the ring "Imuddor" {+Blink rF- rN+ AC+4 SInv}
 47648 | Elf:3    | Identified the +4 mace of Rotation {drain, rElec rF+ Will-}
 47799 | Elf:3    | Identified the +2 glaive of Amisieps {freeze, rF+ rC-
                  | Str+6}
 47799 | Elf:3    | Identified the +0 robe of Beywkauf {Dex+2}
 47803 | Elf:3    | Identified the amulet "Wih Cune" {Regen+ Stlth+}
 47897 | Elf:3    | Identified the cursed +1 fustibalus of Dissent {flame,
                  | Dex+5} (You found it on level 3 of the Elven Halls)
 47975 | Elf:3    | Identified the Collected Works on Flying Darkness
 48816 | Vaults:5 | Entered Level 5 of the Vaults
 48842 | Vaults:4 | Reached skill level 24 in Ice Magic
 48903 | Vaults:5 | Reached XP level 23. HP: 137/137 MP: 37/45
 49599 | Vaults:5 | Identified the +11 mace of Cass {vorpal, *Slow +Inv rN+
                  | Str+3}
 49716 | Vaults:5 | Identified the cursed +3 glaive of Excruciating Pain
                  | {antimagic, +Inv}
 50307 | Vaults:5 | Noticed a golden dragon
 50310 | Vaults:5 | Killed a golden dragon
 50571 | Vaults:5 | Identified the ring "Plog" {rCorr Str+5 Dex-2}
 50997 | Vaults:5 | Got a silver rune of Zot
 51103 | Vaults:5 | Noticed a golden dragon
 51104 | Vaults:5 | Killed a golden dragon
 51803 | Depths:1 | Entered Level 1 of the Depths
 51843 | Depths:1 | Found a runed translucent gate.
 51843 | Depths:1 | Found a runed translucent gate.
 51843 | Depths:1 | Found a runed translucent gate.
 51847 | Depths:1 | Found an opulent altar of Gozag.
 51903 | Depths:1 | Reached skill level 25 in Ice Magic
 51903 | Depths:1 | Reached XP level 24. HP: 147/147 MP: 40/45
 52000 | Depths:1 | Found Vudawask's Assorted Antiques.
 52000 | Depths:1 | Noticed FishyPogo's ghost (journeyman GnTm)
 52335 | Depths:1 | Noticed Nikola
 52341 | Depths:1 | Killed Nikola
 52479 | Depths:1 | Found a one-way gate leading to the halls of Pandemonium.
 52491 | Depths:1 | Found Ajukhle's Antique Weapon Shoppe.
 52605 | Depths:1 | Found a gateway to Hell.
 52710 | Depths:1 | Found Ovasmuv's Assorted Antiques.
 53370 | Depths:2 | Reached skill level 15 in Fighting
 53741 | Depths:2 | Reached XP level 25. HP: 156/156 MP: 26/46
 55123 | Depths:3 | Found a transporter.
 55125 | Depths:3 | Found a transporter.
 55146 | Depths:3 | Identified the cursed ring "Imaah" {rN+ Str-4}
 55546 | Depths:3 | Identified the +2 cloak of Cecuamul {rCorr Str+3} (You
                  | found it on level 3 of the Depths)
 55646 | Depths:4 | Acquired the Papyrus of the Glacier
 55717 | Depths:4 | Found Maikoukk's Armour Boutique.
 55722 | Depths:4 | Bought the +3 salamander hide armour {Flames rF++ rC--} for
                  | 724 gold pieces
 55722 | Depths:4 | Found the +3 salamander hide armour {Flames rF++ rC--}
 55791 | Depths:4 | Found a one-way gate to the infinite horrors of the Abyss.
 57245 | Depths:4 | Found Ykowniz's Magic Scroll Shop.
 57255 | Depths:4 | Bought a scroll of teleportation for 57 gold pieces
 57255 | Depths:4 | Bought a scroll of teleportation for 57 gold pieces
 57472 | Depths:4 | Identified the Incunabulum of Fire
 57717 | Depths:4 | Found Ejoeq's Book Emporium.
 58482 | Depths:5 | Entered Level 5 of the Depths
 58488 | Depths:5 | Reached XP level 26. HP: 158/164 MP: 31/47
 58617 | Depths:5 | Noticed Sojobo
 58621 | Depths:5 | Killed Sojobo
 58916 | Depths:5 | Noticed a juggernaut
 58921 | Depths:5 | Killed a juggernaut
 59106 | Depths:5 | Found a gate to the Realm of Zot.
 59356 | Depths:5 | Found a gateway to a ziggurat.
 59482 | Depths:5 | Found Puhad's General Store.
 59564 | Depths:5 | Bought a potion of mutation for 128 gold pieces
 59786 | Depths:5 | Voluntarily entered the Abyss.
 60097 | Abyss:4  | Reached skill level 10 in Armour
 60224 | Abyss:4  | Found a corrupted altar of Lugonu.
 60248 | Abyss:4  | Paralysed by you for 2 turns
 60259 | Abyss:4  | Gained mutation: Armour fits poorly on your strangely
                  | shaped body. [a neqoxec]
 60289 | Abyss:4  | Found a corrupted altar of Lugonu.
 60314 | Abyss:4  | Gained mutation: You are frail. (-10% HP) [a neqoxec]
 60337 | Abyss:4  | Found a corrupted altar of Lugonu.
 60433 | Abyss:4  | Found a corrupted altar of Lugonu.
 60508 | Abyss:4  | Gained mutation: You are dopey. (Int -2) [a cacodemon]
 60514 | Abyss:5  | Entered Level 5 of the Abyss
 60525 | Abyss:5  | Lost mutation: You are dopey. (Int -2) [potion of mutation]
 60525 | Abyss:5  | Lost mutation: Armour fits poorly on your strangely shaped
                  | body. [potion of mutation]
 60525 | Abyss:5  | Lost mutation: You are frail. (-10% HP) [potion of
                  | mutation]
 60525 | Abyss:5  | Gained mutation: You occasionally shout uncontrollably at
                  | your foes. [potion of mutation]
 60525 | Abyss:5  | Gained mutation: You sometimes yell uncontrollably at your
                  | foes. [potion of mutation]
 60525 | Abyss:5  | Gained mutation: Your mind is acute. (Int +2) [potion of
                  | mutation]
 60575 | Abyss:5  | Reached XP level 27. HP: 134/172 MP: 28/47
 60697 | Abyss:5  | Found a transporter.
 60697 | Abyss:5  | Noticed an ancient lich
 60704 | Abyss:5  | Killed an ancient lich
 60713 | Abyss:5  | Paralysed by you for 6 turns
 60716 | Abyss:5  | Slain by an apocalypse crab

Illustrated notes

Levels and vault maps discovered:
D:1:      dpeg_arrival_rhombi, layout_loops_corners
D:2:      layout_rooms, elyvilon_altar_5, xom_redecorated,
          nicolae_tso_carved_into_rock
D:3:      minmay_razor_zed, layout_loops_ring, overflow_temple_1_default,
          kennysheep_generic_room_4
D:4:      layout_basic, grunt_temple_overflow_forces_of_nature
D:5:      layout_basic, nicolae_overflow_crystal_walls,
          minmay_temple_entry_glassed_door
D:6:      layout_rooms, lightli_temple_of_fire, okawaru_metal_pillars_1_2,
          grunt_gozag_breadcrumbs, gammafunk_ghost_arena, minmay_holes
D:7:      layout_rooms, kennysheep_mini, serial_undead, serial_undead_f,
          serial_undead_d, serial_undead_a, serial_undead_e, serial_undead_b,
          serial_undead_a, minivault_27, minmay_misc_feat_rugged,
          grunt_dithmenos_smoke_and_mirrors
D:8:      layout_loops_corners
D:9:      layout_roguey [special_room_bee], lemuel_round_altar,
          ashenzari_altar_1, orc_0_dummy
D:10:     layout_roguey, grunt_lair_entry_orc_guard_hut
D:11:     layout_loops_ring, serial_shops, shop, minmay_protected_statue
D:12:     layout_small_grid, uniq_nessos, uniq_rupert, uniq_kirke
D:13:     layout_roguey, david_vaults_3, enter_bailey_5, uniq_urug, uniq_maurice
D:14:     layout_cross, nicolae_ru_sacrificial_ziggurat, minivault_16,
          uniq_agnes
D:15:     gammafunk_depths_entry_grave, layout_layer_cave,
          chequers_serial_rivers_marsh
Temple:   cyrus_temple_forest
Lair:1:   layout_roguey, chequers_serial_rivers_micro_c, beast_lair_carwin_8,
          lemuel_fruit_tree
Lair:2:   layout_chaotic_city, gammafunk_lair_bear_cave
Lair:3:   layout_loops_ring, infiniplex_staircase_pool_2, grunt_megastairs_4,
          minmay_lair_oklob_chamber
Lair:4:   layout_regular_city, minmay_shoals_entry_centaurs, dummy_snake_entry,
          basic_altar, serial_bayou_shore_a, uniq_snorg
Lair:5:   layout_roguey, dpeg_slime_entry_enclosed_altar, gauntlet_entry_generic
Lair:6:   gammafunk_lair_ancient_temple, layout_cave_pods
Shoals:1: layout_shoals, nicolae_shoals_this_corrosion
Shoals:2: layout_shoals
Shoals:3: layout_shoals, yaktaur_hedge
Shoals:4: shoals_end_simple, layout_shoals, hangedman_shoal_volcano
Snake:1:  layout_layer_cave, corexii_hall_statues_x, st_stairs_13, drop_trap,
          lemuel_altar_in_water2, uniq_aizul
Snake:2:  layout_basic, uniq_saint_roka
Snake:3:  layout_onion_interference
Snake:4:  snake_pit, layout_layer_cave, portal_ice_cave_entry_pillars_three,
          grunt_ministairs_4, drop_trap, minmay_shop_grid_forest,
          nicolae_snake_serpentine_hallways
Orc:1:    giant_chief_lemuel, layout_caves, serial_shops, nicolae_shop_stone,
          uniq_jorgrun
Orc:2:    st_orc_elflike, layout_caves
Elf:1:    layout_rooms, portal_desolation_entry_twin_temple, serial_shops,
          nicolae_shop_stone, kennysheep_underground_church
Elf:2:    layout_loops_ring, serial_shops, shop, kb_rosetta
Elf:3:    minmay_elf_hall_dome, layout_rooms
Vaults:1: gammafunk_vaults_ghost_tricky_traps, v_alt_pattern_5,
          vaults_room_door_ring, nicolae_vaults_network_square,
          nicolae_vaults_yaktaur_gun_rack, hangedman_vaults_locks,
          vaults_room_semicircle, grunt_vaults_twisty,
          hangedman_vaults_stitches, nicolae_vaults_diagonal_hallway_9,
          v_misc_13, nicolae_vaults_little_squares_3,
          nicolae_vaults_shelves_hall, layout_vaults_omnicross
Vaults:2: v_misc_31, grunt_vaults_trifunnel, nicolae_vaults_three_branches,
          v_misc_14, v_misc_19, hangedman_vaults_pinch, vaults_mumra_hexcomb,
          nicolae_vaults_ninety_degrees, vaults_mumra_lcd,
          ontoclasm_vaults_ring_small, layout_vaults_ring, serial_shops,
          nicolae_shop_trees, shop, nicolae_shop_waterfront, nicolae_shop_stone,
          shop
Vaults:3: vaults_room_door_ring, hangedman_vaults_restitches,
          minmay_crypt_entry_necro_gods, vaults_room_octagon,
          vaults_mumra_minichess, nicolae_vaults_shelves_hall,
          vaults_dpeg_diagonal, v_rooms_6, hangedman_vaults_stream, v_pattern_2,
          nicolae_vaults_octagons, vaults_room_fours, vaults_room_grid,
          layout_vaults_maze_bifur, serial_shops,
          nicolae_shop_overgrown_old_shop
Vaults:4: gammafunk_vaults_ghost_spectres, nicolae_vaults_inception_scallops,
          nicolae_vaults_sealed_display, ontoclasm_vaults_chip, v_misc_18,
          v_rooms_6, nicolae_vaults_little_squares_2, vaults_dpeg_hooks,
          vaults_dpeg_ring, layout_vaults_chaotic_city, basic_altar,
          uniq_frederick
Vaults:5
Depths:1: layout_cave_pools, serial_shops, shop, ebering_ghost_gozag,
          rand_demon_pan_entry_8, grunt_hell_horde,
          chequers_serial_rivers_micro_e, wad_floor_pattern_untrapped,
          hallowed_hall, uniq_nikola
Depths:2: minmay_the_grid_square_5x5_5x5_mashed [minmay_the_grid_square_5x5_six,
          minmay_the_grid_square_5x5_inner_i, minmay_the_grid_square_5x5_forky,
          minmay_the_grid_square_5x5_pentomino_r, minmay_the_grid_square_5x5_n,
          minmay_the_grid_square_5x5_minimal,
          minmay_the_grid_square_5x5_prize_pseudospiral,
          minmay_the_grid_square_5x5_two,
          minmay_the_grid_square_5x5_prize_waves,
          minmay_the_grid_square_5x5_beaten_path,
          minmay_the_grid_square_5x5_three_walls,
          minmay_the_grid_square_5x5_corner,
          minmay_the_grid_square_5x5_prize_rear_guard,
          minmay_the_grid_square_5x5_plus,
          minmay_the_grid_square_5x5_fancy_junction,
          minmay_the_grid_square_5x5_tri_point,
          minmay_the_grid_square_5x5_prize_gold,
          minmay_the_grid_square_5x5_inset,
          minmay_the_grid_square_5x5_prize_monsterx,
          minmay_the_grid_square_5x5_misaligned,
          minmay_the_grid_square_5x5_two_small,
          minmay_the_grid_square_5x5_almost_minimal,
          minmay_the_grid_square_5x5_six_small,
          minmay_the_grid_square_5x5_lines,
          minmay_the_grid_square_5x5_hourglass], layout_basic, hell_entry,
          rand_demon_pan_entry_5
Depths:3: gammafunk_the_bubble [the_bubble_gammafunk_split], layout_long_grid,
          rand_demon_pan_entry_7, minmay_misc_feat_ornament, pf_coc_iceberg
Depths:4: nzn_winding_woodlands_large [nzn_winding_woodlands_5x5_checkerboard,
          nzn_winding_woodlands_5x15_pathside_ponds,
          nzn_winding_woodlands_5x5_default,
          nzn_winding_woodlands_center_diamonds,
          nzn_winding_woodlands_15x15_thick_spiral,
          nzn_winding_woodlands_center_triple_pond,
          nzn_winding_woodlands_5x5_cross, nzn_winding_woodlands_5x15_pockets,
          nzn_winding_woodlands_hourglass], layout_honeycomb,
          hangedman_tar_grid_catacomb, serial_shops, bzr_entry_water, shop,
          nicolae_shop_temple_entry_statues_fountains, kennysheep_little_box,
          nicolae_shop_window_shopping, grunt_pan_entry_sceptre, abyss_entry,
          minmay_misc_feat_doors, nicolae_lava_and_water
Depths:5: evilmike_zot_entry_diamond, layout_cave_shapes, enter_ziggurat_c,
          marbit_kobold_abyss_entry, hangedman_decor_peaks_small, serial_shops,
          shop, hell_entry, minmay_hedge_maze, uniq_sojobo
Abyss:5:  base: Vaults:3, gammafunk_abyss_rune_reverse_zot

Skill      XL: |  1  2  3  4  5  6  7  8  9 10 11 12 13 14 15 16 17 18 19 20 21 22 23 24 25 26 |
---------------+-------------------------------------------------------------------------------+-----
Earth Magic    | 4 6 8 9 11 12 13 14 15 18 20 22 | 22.3
Fighting       | 3 5 6 7 8 10 12 13 15 16 17 | 17.7
Spellcasting   | 3 5 6 7 8 10 11 12 13 14 15 16 17 18 19 20 | 20.6
Transmutations | 1 |  1.0
Dodging        | 2 4 6 7 9 10 | 10.0
Conjurations   | 1 6 8 9 |  9.3
Armour         | 4 6 8 10 | 10.8
Ice Magic      | 5 10 13 14 15 17 18 20 21 22 24 25 | 25.0
Staves         | 1 5 6 |  6.7
Shields        | 3 4 |  4.0
Stealth        | |  2.1

Action                   |  1- 3 |  4- 6 |  7- 9 | 10-12 | 13-15 | 16-18 | 19-21 | 22-24 | 25-27 || total
-------------------------+-------+-------+-------+-------+-------+-------+-------+-------+-------++-------
Melee: Unarmed           |    17 |       |       |       |       |       |       |       |     1 ||    18
       Whip              |    88 |   126 |   289 |   251 |   133 |       |       |       |       ||   887
       Staff             |       |       |       |       |   285 |   616 |   386 |   348 |   358 ||  1993
       Quick blade       |       |       |       |       |     6 |       |    15 |       |       ||    21
 Cast: Sandblast         |     3 |    13 |    58 |   178 |   166 |    53 |    12 |    14 |     6 ||   503
       Lee's Rapid Decon |       |       |    11 |    47 |    29 |    34 |    19 |     3 |       ||   143
       Stone Arrow       |       |       |       |    14 |    13 |     8 |     1 |     6 |       ||    42
       Petrify           |       |       |       |     1 |       |     2 |       |       |       ||     3
       Mephitic Cloud    |       |       |       |     3 |     2 |       |       |       |       ||     5
       Searing Ray       |       |       |       |     3 |       |       |       |       |       ||     3
       Ozocubu's Refrige |       |       |       |       |   137 |   234 |   350 |   311 |   203 ||  1235
       Iron Shot         |       |       |       |       |    11 |    68 |    72 |    28 |    14 ||   193
       Absolute Zero     |       |       |       |       |       |       |     1 |    32 |    40 ||    73
 Abil: Fly               |       |       |       |       |     1 |       |       |       |       ||     1
Evoke: Wand              |       |       |       |       |       |     4 |       |       |       ||     4
  Use: Scroll            |       |    11 |     5 |     2 |    18 |    11 |     6 |     6 |     5 ||    64
       Potion            |       |       |       |       |       |     1 |       |       |     2 ||     3
 Stab: Sleeping          |     1 |     1 |     3 |       |       |     1 |       |       |       ||     6
Armor: Robe              |    52 |    39 |   156 |   120 |       |       |       |       |       ||   367
       Troll leather arm |       |       |       |   103 |   381 |   431 |   277 |   248 |    50 ||  1490
       Leather armour    |       |       |       |       |       |       |       |       |   174 ||   174
Dodge: Dodged            |    59 |    81 |   247 |   265 |   399 |   503 |   309 |   251 |   330 ||  2444
Block: Buckler           |       |       |       |       |       |   125 |   100 |   135 |   153 ||   513
